 Dungeon Crawl Stone Soup version 0.26.0-3-g156281e41b (webtiles) character file.

Game seed: 10899146168668370313

31 Froggeryz the Skirmisher (level 3, 0/28 HPs)
             Began as a Gargoyle Wanderer on Jan 9, 2021.
             Slain by a gnoll
             ... wielding a +0 halberd
              (1 damage)
             ... on level 2 of the Dungeon.
             The game lasted 00:01:08 (735 turns).

Froggeryz the Skirmisher (Gargoyle Wanderer)         Turns: 735, Time: 00:01:09

Health: 0/28       AC:  8    Str: 15    XL:     3   Next: 22%
Magic:  3/3        EV:  6    Int: 12    God:
Gold:   50         SH:  0    Dex: 10    Spells: 2/2 levels left

rFire    . . .     SeeInvis .   a - +2 hand axe
rCold    . . .     Faith    .   (no shield)
rNeg     + . .     Spirit   .   f - +0 leather armour
rPois    ∞         Reflect  .   g - +2 hat
rElec    +         Harm     .   (no cloak)
rCorr    .         Rampage  .   (no gloves)
Will     .....                  (no boots)
Stlth    +.........             (no amulet)
HPRegen  0.09/turn              (no ring)
MPRegen  0.08/turn              (no ring)

@: held
A: negative energy resistance 1, electricity resistance, unbreathing,
petrification resistance, miasma immunity, AC +3
a: no special abilities


You were on level 2 of the Dungeon.
You visited 1 branch of the dungeon, and saw 2 of its levels.

You collected 50 gold pieces.

Inventory:

Hand Weapons
 a - a +2 hand axe (weapon)
Armour
 f - a +0 leather armour (worn)
 g - a +2 hat (worn)
Scrolls
 b - 2 scrolls of teleportation
 d - a scroll of blinking {unknown}
 h - a scroll of identify {unknown}
 i - a scroll of magic mapping {unknown}
 j - a scroll of fear {unknown}
 k - a scroll of enchant armour {unknown}
Potions
 c - a potion of lignification
 e - a potion of curing {unknown}


   Skills:
 - Level 6.5 Fighting
 - Level 1.0(1.6) Axes
 * Level 2.2(2.4) Maces & Flails
 - Level 1.0 Throwing
 + Level 1.4 Armour
 - Level 1.0 Dodging
 - Level 1.1 Shields


You had 2 spell levels left.
You didn't know any spells.
Your spell library was empty.

Dungeon Overview and Level Annotations

Branches:
Dungeon (2/15)

Altars:


Innate Abilities, Weirdness & Mutations

You are resistant to torment.
Your stone body is resilient. (AC +3)
You are immune to poison.
You resist negative energy. (rN+)
You are resistant to electric shocks. (rElec)
You can survive without breathing.
You are immune to petrification.
You are immune to miasma.


Message History

The gnoll hits you from afar with a +0 spear!
The goblin unwields a +0 dagger.
The goblin wields a +0 hunting sling.
The goblin shoots a stone.
The stone hits you.
The gnoll hits you from afar with a +0 halberd.
The bat hits you but does no damage. The kobold barely misses you.
The bat barely misses you.
The gnoll throws a throwing net.
The throwing net hits you.
You become entangled in the net!
The bat hits you but does no damage.
You see here a throwing net.
You struggle against the net.
The bat hits you but does no damage.
A jackal comes into view.
The gnoll barely misses you. The kobold hits you but does no damage.
You tear a large gash into the net.
The bat hits you but does no damage.
The gnoll hits you from afar with a +0 halberd!
Ouch! That really hurt!
* * * LOW HITPOINT WARNING * * *
The gnoll hits you but does no damage. The kobold hits you but does no damage.
You struggle against the net.
The bat hits you but does no damage.
The gnoll hits you from afar with a +0 halberd.
You die...

###.######
#........#
.###?.......# .
............#
.g#...........#
.. .......<..#
###.###g......#
.....ghgK@....#
. .#...g..#####
. #...b..# ..
..........# ..
###.......# .
.. ............
....
..)..........
#.##
####......?....
...#
#......#####


You could see 3 gnolls, a jackal, a goblin, a bat and a kobold.

Vanquished Creatures
  A dart slug (D:1)
  2 leopard geckos
  A giant cockroach (D:1)
  5 goblins
  6 hobgoblins
  5 kobolds
  2 frilled lizards (D:1)
  2 rats (D:1)
24 creatures vanquished.

Notes
Turn   | Place    | Note
-------+----------+-------------------------------------------
     0 | D:1      | Froggeryz the Gargoyle Wanderer began the quest for the
                  | Orb.
     0 | D:1      | Froggeryz set off with the following items: a +2 hand axe,
                  | a scroll of teleportation, a potion of lignification, a +0
                  | robe
     0 | D:1      | Reached XP level 1. HP: 18/18 MP: 1/1
   158 | D:1      | Reached skill level 1 in Maces & Flails
   160 | D:1      | Reached XP level 2. HP: 22/23 MP: 2/2
   177 | D:1      | Reached skill level 1 in Armour
   664 | D:2      | Reached XP level 3. HP: 28/28 MP: 3/3
   734 | D:2      | HP: 1/28 [gnoll/+0 halberd (14)]
   735 | D:2      | Slain by a gnoll

Illustrated notes

Levels and vault maps discovered:
D:1:      mrwooster_arrival_statue, layout_basic
D:2:      layout_rooms, uniq_sigmund

Skill      XL: |  1  2 |
---------------+-------+-----
Maces & Flails | 1 2 |  2.2
Armour         | 1 |  1.4
Fighting       | |  6.5
Axes           | |  1.0
Throwing       | |  1.0
Dodging        | |  1.0
Shields        | |  1.1

Action                   || total
-------------------------++-------
Melee: Hand axe          ||    52
  Use: Scroll            ||     1
Armor: Robe              ||     6
       Leather armour    ||    32
Dodge: Dodged            ||    31
